 Dungeon Crawl Stone Soup version 0.28.0-56-g4927b6849a (webtiles) character file.

Game seed: 3105054481834267961

162614 AarnesTheHuman the Severer (level 17, -8/163 HPs)
             Began as a Hill Orc Fighter on Feb 10, 2023.
             Was the Champion of Okawaru.
             Mangled by a broodmother (26 damage)
             ... on level 3 of the Spider Nest.
             The game lasted 01:27:07 (31995 turns).

AarnesTheHuman the Severer (Hill Orc Fighter)      Turns: 31995, Time: 01:27:08

Health: -8/163     AC: 41    Str: 29    XL:     17   Next: 81%
Magic:  23/28      EV:  7    Int: 12    God:    Okawaru [******]
Gold:   1325       SH: 13    Dex: 10    Spells: 16/16 levels left

rFire   + . .      SeeInvis +   a - +7 broad axe of Qaomn {speed, rN+ Will+ Int+4}
rCold   + . .      Faith    .   J - +2 kite shield
rNeg    + . .      Spirit   .   W - +7 crystal plate armour "Utwun" {rPois rC+ rCorr Slay-3}
rPois   +          Reflect  .   t - +2 helmet
rElec   +          Harm     .   i - +0 cloak {rF+}
rCorr   +          Rampage  +   D - +0 pair of gloves
Will    ++...                   N - +1 pair of boots "Qoumuc" {Rampage rElec}
Stlth   ..........              n - amulet of regeneration
HPRegen 1.17/turn               V - ring of Perfectionism {+Blink rElec rPois Slay+3 SInv}
MPRegen 0.21/turn               Z - +4 ring of protection

@: finesse-ful
A: strong 1, wild magic 1
a: Renounce Religion, Evoke Blink, Heroism, Finesse, Duel


You were on level 3 of the Spider Nest.
You worshipped Okawaru.
Okawaru was exalted by your worship.
You visited 5 branches of the dungeon, and saw 28 of its levels.
You visited the Abyss 1 time.
You also visited: Ossuary and Volcano.

You collected 2362 gold pieces.
You spent 1037 gold pieces at shops.

Inventory:

Hand Weapons
 a - the +7 broad axe of Qaomn (weapon) {speed, rN+ Will+ Int+4}
   (Okawaru gifted it to you on level 3 of the Spider Nest)

   Attacks with this weapon are significantly faster.
   Int:       It affects your intelligence (+4).
   rN:        It protects you from negative energy.
   Will:      It increases your willpower.
 b - a +0 broad axe of flaming
 G - a +0 broad axe of electrocution
Missiles
 c - 2 boomerangs of dispersal
 p - 21 poisoned darts (quivered)
 L - 6 atropa-tipped darts
 M - 6 curare-tipped darts
 Q - 14 silver javelins
Armour
 i - a +0 cloak of fire resistance (worn)
 t - a +2 helmet (worn)
 D - a +0 pair of gloves (worn)
 J - a +2 kite shield (worn)
 N - the +1 pair of boots "Qoumuc" (worn) {Rampage rElec}
   (You bought it in a shop on level 2 of the Orcish Mines)

   rElec:     It insulates you from electricity.
   Rampage:   It bestows one free step when moving towards enemies.
 W - the +7 crystal plate armour "Utwun" (worn) {rPois rC+ rCorr Slay-3}
   (Okawaru gifted it to you on level 3 of the Lair of Beasts)

   Slay:      It affects your accuracy & damage with ranged weapons and melee
   (-3).
   rC:        It protects you from cold.
   rPois:     It protects you from poison.
   rCorr:     It protects you from acid and corrosion.
Magical Staves
 k - a staff of fire
 B - a staff of cold
Jewellery
 n - an amulet of regeneration (around neck)
 o - a ring of protection from cold
 E - a +6 ring of dexterity
 F - a ring of positive energy
 U - a ring of flight
 V - the ring of Perfectionism (left hand) {+Blink rElec rPois Slay+3 SInv}
   (You found it on level 3 of the Lair of Beasts)

   [ring of poison resistance]

   Slay:      It affects your accuracy & damage with ranged weapons and melee
   (+3).
   rElec:     It insulates you from electricity.
   rPois:     It protects you from poison.
   SInv:      It lets you see invisible.
   +Blink:    It lets you blink.
 Z - a +4 ring of protection (right hand)
Wands
 l - a wand of paralysis (12)
 r - a wand of digging (2)
 I - a wand of iceblast (15)
 S - a wand of flame (39)
 Y - a wand of acid (4)
Scrolls
 f - 11 scrolls of teleportation
 j - 4 scrolls of brand weapon
 q - 10 scrolls of identify
 u - 7 scrolls of vulnerability
 w - a scroll of fog
 y - a scroll of blinking
 H - a scroll of immolation
 O - 6 scrolls of magic mapping
 R - 2 scrolls of torment
Potions
 d - 4 potions of might
 g - 9 potions of haste
 h - 4 potions of brilliance
 m - 5 potions of resistance
 s - a potion of flight
 v - 4 potions of cancellation
 x - 4 potions of heal wounds
 z - 2 potions of berserk rage
 A - 8 potions of curing
 C - 5 potions of mutation
 T - 3 potions of magic
Miscellaneous
 K - a phial of floods


   Skills:
 - Level 18.0 Fighting
 - Level 18.0 Axes
 - Level 15.0 Throwing
 - Level 12.0 Armour
 - Level 7.0 Dodging
 + Level 12.5 Shields
 + Level 15.6 Invocations


You had 16 spell levels left.
You didn't know any spells.
Your spell library contained the following spells:

 Spells                   Type           Power      Damage    Failure   Level
 Blink                    Tloc           0%         N/A       100%        2
 Ensorcelled Hibernation  Hex/Ice        0%         N/A       100%        2
 Passwall                 Tmut/Erth      0%         N/A       100%        2
 Scorch                   Fire           0%         2d5       100%        2
 Static Discharge         Conj/Air       0%         N/A       100%        2
 Conjure Flame            Conj/Fire      0%         6-21      100%        3
 Frozen Ramparts          Ice            0%         1d2       100%        3
 Ignite Poison            Fire/Tmut/Pois 0%         N/A       100%        3
 Lesser Beckoning         Tloc           0%         N/A       100%        3
 Ozocubu's Armour         Ice            0%         N/A       100%        3
 Swiftness                Air            0%         N/A       100%        3
 Flame Wave               Conj/Fire      0%         2d4       100%        4
 Ice Form                 Ice/Tmut       0%         N/A       100%        4
 Olgreb's Toxic Radiance  Pois           0%         N/A       100%        4
 Sticky Flame             Conj/Fire      0%         2d3       100%        4
 Alistair's Intoxication  Tmut/Pois      0%         N/A       100%        5
 Blade Hands              Tmut           0%         N/A       100%        5
 Borgnjor's Vile Clutch   Necr/Erth      0%         N/A       100%        5
 Freezing Cloud           Conj/Ice/Air   0%         6-21      100%        5
 Irradiate                Conj/Tmut      0%         3d14      100%        5
 Iskenderun's Battlesphe  Conj           0%         2d6       100%        5
 Lightning Bolt           Conj/Air       0%         1d11      100%        5
 Manifold Assault         Tloc           0%         N/A       100%        5
 Eringya's Noxious Bog    Tmut/Pois      0%         N/A       100%        6
 Iron Shot                Conj/Erth      0%         9d1       100%        6
 Dragon Form              Tmut           0%         N/A       100%        7
 Orb of Destruction       Conj           0%         9d5       100%        7
 Ozocubu's Refrigeration  Ice            0%         4d5       100%        7
 Ignition                 Fire           0%         3d3       100%        8
 Maxwell's Capacitive Co  Air            0%         ∞         100%        8
 Polar Vortex             Ice            0%         N/A       100%        9
 Summon Guardian Golem    Hex/Summ       Unusable   N/A       N/A         3
 Summon Ice Beast         Ice/Summ       Unusable   N/A       N/A         4
 Simulacrum               Ice/Necr       Unusable   N/A       N/A         6
 Summon Cactus Giant      Summ           Unusable   N/A       N/A         6
 Spellforged Servitor     Conj/Summ      Unusable   N/A       N/A         7

Dungeon Overview and Level Annotations

Branches:
Dungeon (15/15)            Temple (1/1) D:4            Lair (6/6) D:9
  Swamp (0/4) Lair:4       Spider (4/4) Lair:4        Slime (0/5) Lair:6
    Orc (2/2) D:10            Elf (0/3) Orc:2        Vaults (0/5) D:13
 Depths (0/4) D:15        Ossuary (visited)         Volcano (visited)

Altars:
Ashenzari
Cheibriados
Dithmenos
Elyvilon
Fedhas
Gozag
Hepliaklqana
Kikubaaqudgha
Makhleb
Nemelex Xobeh
Okawaru
Qazlal
Ru
Sif Muna
Trog
Uskayaw
Vehumet
Wu Jian
Xom
Yredelemnul
Zin
The Shining One

Shops:
D:3 [   D:12 (   D:13 [   Orc:2 *!=[*

Portals:
Pandemonium: Orc:2
Trove: D:11 (give 6 scrolls of fear)

Annotations:
D:5 3 runed translucent doors, Sensen's ghost, amateur DgCj
D:7 exclusion: downstairs
D:8 exclusion: 2 downstairs
D:13 6 transporters, Nessos
Lair:1 exclusion: downstairs
Lair:3 exclusion: downstairs
Lair:4 exclusion: downstairs
Spider:3 exclusion: 2 downstairs
Orc:1 exclusion: downstairs


Innate Abilities, Weirdness & Mutations

Your muscles are strong. (Str +2)
Your spells are a little harder to cast, but a little more powerful.


Message History

You block the broodmother's attack.
You barely miss the broodmother.
The broodmother is severely wounded.
The broodmother bites you!!
* * * LOW HITPOINT WARNING * * *
You slash the broodmother!
The broodmother is severely wounded.
You block the broodmother's attack.
You slash the broodmother!
The broodmother is almost dead.
You block the broodmother's attack.
Okay, then.
Unknown command.
Okay, then.
Unknown command.
Press: ? - help, v - describe, . - travel, g - get item
Here: a broodmother (severely wounded, berserk)
Items here: a torpor snail corpse; a moth of wrath corpse.
A web.
Unknown command.
Unknown command.
Unknown command.
Unknown command.
You feel much better. The broodmother closely misses you.
The broodmother barely misses you.
You can now deal lightning-fast blows.
You block the broodmother's attack.
The broodmother bites you but does no damage.
You slash the broodmother!
The broodmother is almost dead.
The broodmother bites you!!
* * * LOW HITPOINT WARNING * * *
A spider bursts forth from the wound!
You hit the broodmother.
The broodmother is almost dead.
You slash the wolf spider! You slice the broodmother!!
The broodmother is almost dead.
You slash the wolf spider! The broodmother bites you!!
You die...

##..###
###^..^
#..##
##...
##..#
##..
#..## ##.
### ##..#
#. #.#
#..## #.
##.#
##.## ##
#..#
##s.# #
#..#
#s@## #
#..###..#
##..#..##
#....##
#....# #
#<(.## ##
#..## #.
#...##
##.
##...^##
##..


You could see a broodmother (berserk) and a wolf spider (summoned).

Vanquished Creatures
  3 emperor scorpions
  A ghost moth (Spider:1)
  Louise (D:14)
  2 broodmothers
  A stone giant (D:15)
  2 entropy weavers
  Azrael (D:15)
  A spark wasp (Spider:3)
  Snorg (D:13)
  2 fire dragons
  2 ettins
  10 hydras
  A rakshasa (Abyss:3)
  5 boulder beetles
  4 jorogumos
  A radroach (Spider:3)
  3 demonspawn (Orc:2)
  7 centaur warriors
  A death knight (D:14)
  An ogre mage (D:13)
  5 two-headed ogres
  3 tengu warriors (D:15)
  7 orc high priests
  2 thrashing horrors (Abyss:3)
  A wretched star (Abyss:3)
  A hell knight (Volcano)
  2 sun moths
  3 skeletal warriors (D:13)
  4 steelbarb worms
  6 pharaoh ants
  10 orb spiders
  A wizard (D:14)
  2 large abominations (Abyss:3)
  2 lindwurms (Lair:6)
  4 deep elf pyromancers
  6 orc knights
  6 orc sorcerers (Orc:2)
  9 ugly things
  29 wolf spiders
  A mana viper (Abyss:3)
  4 cyclopes
  14 slime creatures
  6 manticores
  4 elephants (Lair:5)
  2 moths of wrath
  A worldbinder (Abyss:3)
  A naga zombie (Abyss:3)
  2 centaur zombies
  7 black mambas
  9 cane toads
  2 rust devils (Orc:2)
  2 smoke demons
  6 torpor snails
  3 molten gargoyles (Lair:6)
  2 hellions (Abyss:3)
  8 rime drakes
  7 demonic crawlers
  2 unseen horrors
  2 efreet
  15 komodo dragons
  An ice devil (Orc:2)
  An ancient zyme (Abyss:3)
  8 trolls
  3 red devils
  A polar bear (Lair:4)
  13 meliai
  16 tarantellas
  26 blink frogs
  2 meliai zombies (D:10)
  50 jumping spiders
  Sigmund (D:6)
  3 shadows
  22 culicivoras
  42 yaks
  A wraith (D:12)
  5 fire bats (Volcano)
  13 wyverns
  Eustachio (D:4)
  8 basilisks
  2 neqoxecs
  4 steam dragons
  10 vampire mosquitoes
  4 fire elementals (D:15)
  61 redbacks
  2 chaos spawn
  4 wargs
  7 hell hounds
  10 water moccasins
  44 orc warriors
  2 ice beasts
  A sky beast (shapeshifter) (D:15)
  2 black bears
  A sky beast (D:4)
  A necrophage (D:4)
  2 small abominations (Abyss:3)
  7 ogres
  15 centaurs
  13 bullfrogs
  6 scorpions
  3 gnoll sergeants
  A hornet simulacrum (D:15)
  4 wights (D:8)
  5 electric eels
  5 howler monkeys
  12 lava snakes
  A bullfrog zombie (D:7)
  A bullfrog skeleton (D:4)
  3 jellies
  27 orc priests
  3 hounds
  Ijyb (D:4)
  Natasha (thrice) (D:2)
  28 orc wizards
  7 hell rats (Lair:6)
  5 hound skeletons
  9 mummies
  7 gnolls
  10 adders
  A white imp (D:7)
  An ufetubus (D:5)
  4 worms
  2 dart slugs
  86 orcs
  5 bats
  8 endoplasms
  9 giant cockroaches
  9 goblins
  6 hobgoblins
  6 jackals
  7 kobolds
  4 quokkas
  7 ball pythons
  4 frilled lizards
  3 gnoll zombies (Ossuary)
  A kobold zombie (Ossuary)
  4 orc zombies (Ossuary)
  2 rats
972 creatures vanquished.

Vanquished Creatures (others)
  A jumping spider (Spider:1)
  A redback (Spider:2)
  A gnoll (D:9)
  22 fungi
  30 plants
  2 starspawn tentacles (Abyss:3)
57 creatures vanquished.

Grand Total: 1029 creatures vanquished

Notes
Turn   | Place    | Note
-------+----------+-------------------------------------------
     0 | D:1      | AarnesTheHuman the Hill Orc Fighter began the quest for the
                  | Orb.
     0 | D:1      | Reached XP level 1. HP: 19/19 MP: 1/1
   253 | D:1      | Reached XP level 2. HP: 27/27 MP: 2/2
   460 | D:1      | Found a faded altar of an unknown god.
   739 | D:1      | Reached XP level 3. HP: 33/33 MP: 3/3
  1519 | D:2      | Noticed Natasha
  1529 | D:2      | Killed Natasha
  1530 | D:2      | Reached XP level 4. HP: 29/41 MP: 4/4
  1659 | D:2      | Noticed Natasha
  1664 | D:2      | Killed Natasha
  1717 | D:2      | Noticed Natasha
  1724 | D:2      | Killed Natasha
  1725 | D:2      | Reached XP level 5. HP: 47/47 MP: 5/5
  2304 | D:3      | Found Dimovea's Antique Armour Shoppe.
  2383 | D:3      | Reached XP level 6. HP: 55/55 MP: 6/6
  2438 | D:3      | Found a shadowy altar of Dithmenos.
  2467 | D:3      | Found an ornate altar of the Wu Jian Council.
  2652 | D:3      | Identified the +0 ring mail of the Hart {Harm Dex+6}
  2759 | D:4      | Reached skill level 5 in Fighting
  2985 | D:4      | Noticed a sky beast
  2990 | D:4      | Killed a sky beast
  2991 | D:4      | Reached skill level 5 in Axes
  3059 | D:4      | Reached skill level 5 in Armour
  3157 | D:4      | Noticed a necrophage
  3169 | D:4      | Killed a necrophage
  3170 | D:4      | Reached skill level 5 in Shields
  3170 | D:4      | Reached XP level 7. HP: 60/61 MP: 7/7
  3333 | D:4      | Noticed Eustachio
  3370 | D:4      | Killed Eustachio
  3700 | D:4      | Found a staircase to the Ecumenical Temple.
  3718 | Temple   | Entered the Ecumenical Temple
  3979 | Temple   | Became a worshipper of Warmaster Okawaru
  4180 | D:4      | Noticed Ijyb
  4201 | D:4      | Killed Ijyb
  4202 | D:4      | Reached XP level 8. HP: 66/70 MP: 8/8
  4716 | D:5      | Entered Level 5 of the Dungeon
  4773 | D:5      | Noticed Sensen's ghost (amateur DgCj)
  4774 | D:5      | Found a runed translucent gate.
  4774 | D:5      | Found a runed translucent gate.
  4774 | D:5      | Found a runed translucent gate.
  5055 | D:5      | Reached * piety under Okawaru
  5056 | D:5      | Reached skill level 1 in Invocations
  5457 | D:6      | Noticed Sigmund
  5471 | D:6      | Killed Sigmund
  5480 | D:6      | Found a sand-covered staircase.
  5494 | Ossuary  | Entered an ossuary
  5520 | Ossuary  | Reached XP level 9. HP: 73/79 MP: 11/11
  5939 | D:6      | Found a broken altar of Ashenzari.
  6078 | D:6      | Found a glowing silver altar of Zin.
  6225 | D:6      | Reached ** piety under Okawaru
  6244 | D:6      | Found a glowing golden altar of the Shining One.
  6479 | D:7      | Identified a scroll of acquirement
  6545 | D:5      | Acquired a manual of Throwing
  6612 | D:7      | Identified the +4 hand axe "Fucziw" {vorpal, rF+}
  6889 | D:7      | Reached skill level 1 in Throwing
  7625 | D:8      | Reached skill level 5 in Invocations
  7781 | D:8      | Reached skill level 5 in Throwing
  8074 | D:8      | Noticed a two-headed ogre
  8116 | D:7      | Reached *** piety under Okawaru
  8573 | D:7      | Reached XP level 10. HP: 79/88 MP: 13/13
  8767 | D:8      | Killed a two-headed ogre
  9337 | D:8      | HP: 2/90 [yak (11)]
  9341 | D:8      | Reached **** piety under Okawaru
  9341 | D:8      | Received a gift from Okawaru
  9350 | D:8      | Reached skill level 10 in Axes
  9478 | D:9      | Received a gift from Okawaru
  9669 | D:9      | Noticed an eight-headed hydra
  9908 | D:9      | Killed an eight-headed hydra
  9908 | D:9      | Received a gift from Okawaru
 10192 | D:9      | Received a gift from Okawaru
 10193 | D:9      | Reached skill level 10 in Fighting
 10193 | D:9      | Reached skill level 1 in Dodging
 10193 | D:9      | Reached XP level 11. HP: 42/99 MP: 16/16
 10306 | D:9      | Found a staircase to the Lair.
 10565 | Lair:1   | Entered Level 1 of the Lair of Beasts
 10648 | Lair:1   | Noticed a four-headed hydra
 10663 | Lair:1   | Killed a four-headed hydra
 11001 | Lair:1   | Reached ***** piety under Okawaru
 11293 | Lair:1   | Received a gift from Okawaru
 11889 | D:3      | Bought a glowing scale mail for 119 gold pieces
 11901 | D:3      | Bought a pair of runed boots for 127 gold pieces
 11901 | D:3      | Bought a runed helmet for 127 gold pieces
 12174 | Lair:2   | Noticed an eight-headed hydra
 12187 | Lair:1   | Killed an eight-headed hydra
 12714 | Lair:3   | Noticed a five-headed hydra
 12723 | Lair:3   | Killed a five-headed hydra
 12767 | Lair:3   | Reached skill level 10 in Invocations
 12946 | Lair:3   | Reached XP level 12. HP: 97/113 MP: 19/19
 13030 | Lair:3   | Received a gift from Okawaru
 13276 | Lair:3   | Received a gift from Okawaru
 13276 | Lair:3   | Reached ****** piety under Okawaru
 13427 | Lair:3   | Identified the ring of Perfectionism {+Blink rElec rPois
                  | Slay+3 SInv}
 13955 | Lair:3   | Identified the +7 crystal plate armour "Utwun" {rPois rC+
                  | rCorr Slay-3} (Okawaru gifted it to you on level 3 of the
                  | Lair of Beasts)
 13955 | Lair:3   | Received a gift from Okawaru
 14030 | Lair:4   | Noticed an eight-headed hydra
 14035 | Lair:4   | Killed an eight-headed hydra
 14183 | Lair:4   | Reached skill level 10 in Throwing
 14442 | Lair:4   | Noticed a boulder beetle
 14443 | Lair:4   | Noticed a seven-headed hydra
 14669 | Lair:4   | Found a hole to the Spider Nest.
 14711 | Lair:4   | Found a staircase to the Swamp.
 14940 | Lair:4   | Killed a seven-headed hydra
 14985 | Lair:4   | Killed a boulder beetle
 15033 | Lair:5   | Noticed an eight-headed hydra
 15117 | Lair:4   | Reached XP level 13. HP: 119/125 MP: 20/20
 15145 | Lair:5   | Reached skill level 15 in Fighting
 15977 | Lair:6   | Entered Level 6 of the Lair of Beasts
 16023 | Lair:6   | Identified the +5 lajatang "Guashuc" {pain, Stlth+}
                  | (Okawaru gifted it to you on level 6 of the Lair of Beasts)
 16023 | Lair:6   | Received a gift from Okawaru
 16140 | Lair:6   | Found a staircase to the Slime Pits.
 16194 | Lair:6   | Found a dark tunnel.
 16244 | Volcano  | Entered a volcano
 16325 | Volcano  | Identified the +11 crystal plate armour of Masochism
                  | {Str+4} (Okawaru gifted it to you in a volcano)
 16325 | Volcano  | Received a gift from Okawaru
 16420 | Volcano  | Found a bloodstained altar of Trog.
 16555 | Volcano  | Found a burning altar of Makhleb.
 16775 | Lair:6   | Reached skill level 10 in Armour
 16984 | Lair:6   | Reached XP level 14. HP: 137/137 MP: 21/21
 17421 | Lair:6   | Received a gift from Okawaru
 17426 | Lair:6   | Reached skill level 15 in Axes
 17469 | Lair:6   | Identified the +1 pair of boots "Tidaodghu" {Str+2}
                  | (Okawaru gifted it to you on level 6 of the Lair of Beasts)
 17469 | Lair:6   | Received a gift from Okawaru
 17590 | Lair:6   | Found a large runed translucent door.
 17591 | Lair:6   | Found a large runed translucent door.
 18096 | D:10     | Entered Level 10 of the Dungeon
 18177 | D:10     | Found a staircase to the Orcish Mines.
 18273 | D:10     | Found an opulent altar of Gozag.
 18365 | D:10     | Identified the +7 arbalest of Gloom {flame, Will+ Str+5}
 18461 | D:10     | Found a shimmering blue altar of Sif Muna.
 18461 | D:10     | Found an ancient bone altar of Kikubaaqudgha.
 19452 | D:11     | Found a portal to a secret trove of treasure.
 19588 | Orc:1    | Entered Level 1 of the Orcish Mines
 20288 | Orc:2    | Entered Level 2 of the Orcish Mines
 20705 | Orc:2    | Found a staircase to the Elven Halls.
 20857 | Orc:2    | Found Soadaups's Superlative Supplies.
 20968 | Orc:1    | Received a gift from Okawaru
 21177 | Orc:2    | Found Veseon's Distillery.
 21381 | Orc:2    | Found Hetsaafo's General Store.
 21390 | Orc:2    | Gained mutation: Potions are less effective at restoring
                  | your health. [a neqoxec]
 21635 | Orc:2    | Reached XP level 15. HP: 125/144 MP: 22/22
 21644 | Orc:2    | Reached skill level 5 in Dodging
 21827 | Orc:2    | Reached skill level 10 in Shields
 21837 | Orc:2    | Received a gift from Okawaru
 22001 | Orc:2    | Found Woc Hotwouh's Antique Armour Shop.
 22001 | Orc:2    | Found a one-way gate leading to the halls of Pandemonium.
 22001 | Orc:2    | Found Dofag's Jewellery Boutique.
 22007 | Orc:2    | Bought a pair of slimy boots for 275 gold pieces
 22007 | Orc:2    | Identified the +1 pair of boots "Qoumuc" {Rampage rElec}
                  | (You bought it in a shop on level 2 of the Orcish Mines)
 22150 | Orc:2    | Lost mutation: Potions are less effective at restoring your
                  | health. [potion of mutation]
 22150 | Orc:2    | Gained mutation: Your muscles are strong. (Str +2) [potion
                  | of mutation]
 22150 | Orc:2    | Gained mutation: Your spells are a little harder to cast,
                  | but a little more powerful. [potion of mutation]
 22546 | D:12     | Received a gift from Okawaru
 22663 | D:12     | You fall into a shaft and drop 2 floors!
 22682 | D:13     | Noticed Snorg
 22695 | D:13     | Killed Snorg
 23182 | D:12     | Found Heticen's Antique Weapon Shoppe.
 23606 | D:13     | Found a gate to the Vaults.
 23694 | D:13     | Received a gift from Okawaru
 23839 | D:13     | Found Odegeod's Antique Armour Emporium.
 23842 | D:13     | Found a transporter.
 23842 | D:13     | Noticed Nessos
 23848 | D:13     | Bought an ichor-stained helmet for 389 gold pieces
 23848 | D:13     | Identified the +4 helmet of the Snail {-Tele rElec rPois}
                  | (You bought it in a shop on level 13 of the Dungeon)
 23849 | D:13     | Found a transporter.
 23849 | D:13     | Found a transporter.
 23850 | D:13     | Found a sparkling altar of Nemelex Xobeh.
 23850 | D:13     | Noticed a juggernaut
 23865 | D:13     | Found a transporter.
 23866 | D:13     | Found a transporter.
 23869 | D:13     | Found a transporter.
 24222 | D:14     | Identified the +0 tower shield of Purpose {Rampage rElec
                  | Will- Str+7}
 24222 | D:14     | Noticed Louise
 24232 | D:14     | Killed Louise
 24247 | D:14     | Cast into level 2 of the Abyss (a wizard)
 24252 | Abyss:2  | Found a shimmering blue altar of Sif Muna.
 24333 | Abyss:3  | Noticed a bone dragon
 24350 | Abyss:3  | Noticed a tentacled starspawn
 24356 | Abyss:3  | Found a corrupted altar of Lugonu.
 24434 | Abyss:3  | Noticed a tentacled starspawn
 24598 | D:14     | Escaped the Abyss
 24763 | D:14     | Received a gift from Okawaru
 24855 | D:14     | Found a snail-covered altar of Cheibriados.
 25127 | D:15     | Entered Level 15 of the Dungeon
 25328 | D:15     | Reached XP level 16. HP: 155/155 MP: 24/24
 25545 | D:15     | Noticed Azrael
 25577 | D:15     | Killed Azrael
 25678 | D:15     | Received a gift from Okawaru
 26005 | D:15     | Found a staircase to the Depths.
 26350 | Spider:1 | Entered Level 1 of the Spider Nest
 26791 | Spider:1 | Reached skill level 15 in Throwing
 27495 | Spider:1 | Received a gift from Okawaru
 27719 | Spider:1 | Received a gift from Okawaru
 28367 | Spider:2 | Received a gift from Okawaru
 28385 | Spider:2 | Reached XP level 17. HP: 145/163 MP: 26/26
 29902 | Spider:3 | Identified the +7 broad axe of Qaomn {speed, rN+ Will+
                  | Int+4} (Okawaru gifted it to you on level 3 of the Spider
                  | Nest)
 29902 | Spider:3 | Received a gift from Okawaru
 30441 | Spider:4 | Entered Level 4 of the Spider Nest
 30793 | Spider:4 | Received a gift from Okawaru
 31465 | Spider:4 | Reached skill level 15 in Invocations
 31995 | Spider:3 | Mangled by a broodmother

Illustrated notes

Levels and vault maps discovered:
D:1:      dpeg_arrival_round_b, layout_basic,
          ebering_ecumenical_altar_petrified, chequers_avenue
D:2:      layout_loops_ring, uniq_natasha
D:3:      layout_rooms, mainiacjoe_overflow_two_lobes, serial_shops, shop,
          minmay_misc_feat_four_crosses
D:4:      minmay_razor_zed, layout_loops_ring, temple_fountains, uniq_ijyb,
          uniq_eustachio
D:5:      layout_basic, gammafunk_ghost_split
D:6:      layout_loops_ring, mainiacjoe_overflow_24_doors,
          cheibrodos_ashenzari_chains, zin_scriptorium,
          nicolae_ossuary_entry_ruins, uniq_sigmund
D:7:      layout_basic
D:8:      layout_rooms, kennysheep_generic_room_11
D:9:      layout_irregular_city, erik_lair_dragon, lightli_fourway_metalbox
D:10:     layout_basic, nicolae_gozag_seed_capital,
          mainiacjoe_overflow_divided_tiny, orc_0_dummy
D:11:     layout_loops_cross, nicolae_trove_entry_isolated
D:12:     layout_loops_ring, serial_shops, shop
D:13:     layout_basic, david_vaults_2, serial_shops, shop,
          hellmonk_jugg_or_not, uniq_snorg, uniq_nessos
D:14:     layout_loops_ring, slow_altar_1, uniq_louise
D:15:     grunt_enter_depths_snipers, layout_loops_ring, serial_bayou_pond_c,
          minmay_misc_feat_nine_boxes, minmay_misc_feat_encased, uniq_azrael
Temple:   dpeg_chambers_temple
Lair:1:   layout_loops_ring, serial_bayou_shore_b
Lair:2:   layout_concentric_octagons
Lair:3:   layout_long_grid
Lair:4:   layout_cave_pods, minmay_swamp_entry_swarm,
          nicolae_spider_entry_non_spiders, pond, serial_bayou_shore_b,
          grunt_megastairs_4, infiniplex_staircase_pool
Lair:5:   layout_gridlike, grunt_megastairs_5, serial_bayou_shore_b
Lair:6:   cheibrodos_lair_end_hotspot, layout_loops_ring,
          minmay_slime_entry_pillars, special_room [special_room_mythical_zoo],
          nicolae_volcano_entry_vermiform
Spider:1: layout_spider_delve
Spider:2: nicolae_spider_jumping_over_cracks [nicolae_spider_jumping_sub_empty,
          nicolae_spider_jumping_sub_no_exit, nicolae_spider_jumping_sub_narrow,
          nicolae_spider_jumping_sub_notch]
Spider:3: layout_cave_pods
Spider:4: hellmonk_spider_rune_endless_swarm, nicolae_spider_bzzzt
Orc:1:    layout_caves
Orc:2:    pf_orc_diabolical, layout_diamond_mine, nicolae_alphabet_shops

Skill      XL: |  1  2  3  4  5  6  7  8  9 10 11 12 13 14 15 16 17 |
---------------+----------------------------------------------------+-----
Axes           | 3 4 5 6 7 9 11 12 13 17 18 | 18.0
Fighting       | 4 5 6 7 8 10 12 14 16 17 18 | 18.0
Armour         | 4 5 6 7 8 10 11 12 | 12.0
Shields        | 4 5 6 7 9 10 12 | 12.5
Invocations    | 3 5 7 10 11 12 15 | 15.6
Throwing       | 7 9 10 12 13 15 | 15.0
Dodging        | 1 4 5 6 7 |  7.0

Action                   |  1- 3 |  4- 6 |  7- 9 | 10-12 | 13-15 | 16-18 || total
-------------------------+-------+-------+-------+-------+-------+-------++-------
Melee: War axe           |   123 |   103 |   283 |       |       |       ||   509
       Hand axe          |       |       |   145 |   621 |   337 |       ||  1103
       Broad axe         |       |       |       |       |  1053 |   956 ||  2009
Throw: Dart              |       |       |     8 |    15 |       |     7 ||    30
       Boomerang         |       |       |       |    86 |   125 |   110 ||   321
       Javelin           |       |       |       |     2 |    35 |    36 ||    73
Invok: Heroism           |       |       |     1 |     5 |     4 |     1 ||    11
       Finesse           |       |       |       |       |       |     1 ||     1
Evoke: Wand              |       |       |       |       |     4 |     3 ||     7
  Use: Scroll            |       |     6 |    13 |     5 |     8 |     3 ||    35
       Potion            |       |       |       |     1 |     1 |     2 ||     4
 Stab: Paralysed         |       |       |       |       |     3 |       ||     3
Armor: Scale mail        |     7 |       |       |    78 |       |       ||    85
       Ring mail         |    49 |    35 |   185 |    83 |       |       ||   352
       Crystal plate arm |       |       |       |   116 |  1049 |  1010 ||  2175
Dodge: Dodged            |    61 |    43 |   178 |   208 |   244 |   282 ||  1016
Block: Buckler           |    27 |    29 |   105 |    19 |       |       ||   180
       Kite shield       |       |       |       |   310 |   824 |   743 ||  1877
